 Dungeon Crawl Stone Soup version 0.21.1-1-g345015f (webtiles) character file.

174455 grindst0ne the Warrior (level 18, 0/151 HPs)
             Began as a Formicid Arcane Marksman on Feb 21, 2018.
             Was the Champion of the Shining One.
             Succumbed to a swamp dragon's poison gas
             ... on level 4 of the Swamp.
             The game lasted 01:50:16 (43004 turns).

grindst0ne the Warrior (Formicid Arcane Marksman)  Turns: 43004, Time: 01:50:18

Health: 0/151      AC: 21    Str: 16    XL:     18   Next: 72%
Magic:  38/38      EV: 16    Int: 20    God:    the Shining One [******]
Gold:   1952       SH: 20    Dex: 25    Spells: 16/19 levels left

rFire    + . .     SeeInvis +   C - +4 battleaxe (freeze)
rCold    + . .     Gourm    .   y - +0 large shield of the Guild-Master {rCorr Dex+4 Slay+2 Stlth+}
rNeg     + + +     Faith    +   J - +1 plate armour "Ostrifui" {*Contam rN+ Int+3 Dex+4}
rPois    .         Spirit   .   (helmet unavailable)
rElec    .         Reflect  .   I - +0 cloak {MR+}
rCorr    +         Harm     .   p - +0 pair of fencer's gloves {+Riposte Dex+3}
MR       ++...                  o - +0 pair of boots of Analysis {rF+ rC+}
Stlth    ..........             k - amulet of faith
HPRegen  0.35/turn              n - +2 ring of evasion
MPRegen  0.26/turn              H - ring of magical power

@: lethally poisoned (0 -> -23), glowing, very slow
A: permanent stasis, dig shafts and tunnels, four strong arms, antennae 3
a: Dig, Shaft Self, Divine Shield, Cleansing Flame, Summon Divine Warrior, Brand
Weapon With Holy Wrath, Renounce Religion


You were on level 4 of the Swamp.
You worshipped the Shining One.
The Shining One was exalted by your worship.
You were not hungry.

You visited 4 branches of the dungeon, and saw 27 of its levels.
You visited the Abyss 1 time.

You collected 3502 gold pieces.
You spent 1550 gold pieces at shops.

Inventory:

Hand Weapons
 x - a +3 broad axe of flaming
 C - a +4 battleaxe of freezing (weapon)
Missiles
 K - a throwing net (quivered)
Armour
 o - the +0 pair of boots of Analysis (worn) {rF+ rC+}
   (You acquired it on level 4 of the Lair of Beasts)

   It protects you from fire.
   It protects you from cold.
 p - the +0 pair of fencer's gloves (worn) {+Riposte Dex+3}
   (You acquired it on level 4 of the Lair of Beasts)

   It affects your dexterity (+3).
 y - the +0 large shield of the Guild-Master (worn) {rCorr Dex+4 Slay+2 Stlth+}
   (You acquired it on level 2 of the Orcish Mines)

   It affects your dexterity (+4).
   It affects your accuracy and damage with ranged weapons and melee attacks
   (+2).
   It protects you from acid and corrosion.
   It makes you more stealthy.
 A - a scarf of resistance
 E - a +2 pair of boots
 I - a +0 cloak of magic resistance (worn)
 J - the +1 plate armour "Ostrifui" (worn) {*Contam rN+ Int+3 Dex+4}
   (You bought it in a shop on level 2 of the Orcish Mines)

   It affects your intelligence (+3).
   It affects your dexterity (+4).
   It protects you from negative energy.
   It causes magical contamination when unequipped.
 O - a +2 pair of gloves
Jewellery
 k - an amulet of faith (around neck)
 n - a +2 ring of evasion (left hand)
 H - a ring of magical power (right hand)
Wands
 j - a wand of flame (6)
 F - a wand of digging (18)
Scrolls
 b - 3 scrolls of identify
 c - a scroll of holy word
 d - 11 scrolls of remove curse
 e - 4 scrolls of enchant weapon
 g - 9 scrolls of enchant armour
 r - a scroll of fog
 u - 3 scrolls of amnesia
 L - a scroll of brand weapon
Potions
 h - 4 potions of flight
 i - 5 potions of mutation
 t - 4 potions of agility
 v - 4 potions of brilliance
 w - 3 potions of magic
 B - a potion of cancellation
 D - a potion of might
Books
 a - a book of Conjurations

   Spells                             Type                      Level
   a - Magic Dart                     Conjuration                  1
   b - Searing Ray                    Conjuration                  2
   c - Dazzling Spray                 Conjuration/Hexes            3
   d - Fulminant Prism                Conjuration/Hexes            4
   e - Force Lance                    Conjuration/Translocation    4
   f - Iskenderun's Mystic Blast      Conjuration                  4
 m - a book of Geomancy

   Spells                             Type                      Level
   a - Sandblast                      Earth                        1
   b - Passwall                       Transmutation/Earth          2
   c - Stone Arrow                    Conjuration/Earth            3
   d - Petrify                        Transmutation/Earth          4
   e - Lee's Rapid Deconstruction     Earth                        5
 q - a book of Battle

   Spells                             Type                      Level
   a - Infusion                       Charms                       1
   b - Shroud of Golubria             Charms/Translocation         2
   c - Song of Slaying                Charms                       2
   d - Spectral Weapon                Hexes/Charms                 3
   e - Regeneration                   Charms/Necromancy            3
Miscellaneous
 z - a lightning rod (4/4)
Comestibles
 f - 27 rations
 N - 9 chunks of flesh


   Skills:
 + Level 16.2 Fighting
 - Level 14.1 Axes
   Level 2.1 Slings
 - Level 12.0 Armour
 - Level 13.3 Dodging
 - Level 15.0 Shields
 - Level 1.1 Spellcasting
 - Level 3.6 Hexes
 * Level 15.3 Invocations
 - Level 6.0 Evocations


You had 16 spell levels left.
You knew the following spells:

 Your Spells              Type           Power        Failure   Level  Hunger
a - Corona                Hex            ###....      69%         1    ##.....
b - Song of Slaying       Chrm           #.......     100%        2    ###....


Dungeon Overview and Level Annotations

Branches:
Dungeon (15/15)            Temple (0/1) D:6            Lair (6/6) D:10
  Swamp (4/4) Lair:4        Snake (0/4) Lair:4        Slime (0/5) Lair:6
    Orc (2/2) D:12            Elf (0/3) Orc:2        Vaults (0/5) D:13
 Depths (0/5) D:15

Altars:
Cheibriados
Dithmenos
Elyvilon
Fedhas
Gozag
Hepliaklqana
Kikubaaqudgha
Qazlal
Ru
Sif Muna
Trog
Uskayaw
Vehumet
Xom
Yredelemnul
The Shining One
Beogh

Shops:
D:8 !   D:15 %   Orc:2 :[:!

Annotations:
Lair:3 exclusion: downstairs


Innate Abilities, Weirdness & Mutations

You cannot be hasted, slowed, berserked, paralysed or teleported.
You can dig through walls and to a lower floor.
Your four strong arms can wield two-handed weapons with a shield.
You have a pair of large antennae on your head. (SInv)


Message History

You feel sick.
You feel sick.
You feel sick.
The swamp dragon breathes poison at you.
The blast of poison engulfs you!
You are more poisoned.
* * * LOW HITPOINT WARNING * * *
You hear a roar!
Okay, then.
Okay, then.
That item cannot be evoked!
Evoke which item? (* to show all) (? for menu, Esc to quit)
Okay, then.
Okay, then.
You enter the shallow water.
Moving in this stuff is going to be slow.
You are engulfed in poison gas.
You are lethally poisoned!
* * * LOW HITPOINT WARNING * * *
You die...

♣♣ ♣♣♣♣♣♣ ..♣♣♣♣♣♣♣♣♣♣♣♣♣
♣♣≈...♣♣♣♣
≈≈≈.≈§§♣§≈.≈.≈♣♣♣♣.§≈≈≈≈.§♣
≈≈≈≈≈§§D§..§≈≈♣♣≈.≈≈≈≈≈≈≈≈♣
≈≈.≈§§♣♣♣♣♣§§.§♣...♣≈.♣≈≈≈♣ ♣♣♣
≈≈..§♣♣♣♣♣§D§..≈..♣♣♣♣♣♣≈♣♣ ♣.≈
≈≈..≈§§♣≈.§§§§..§≈♣≈..≈≈♣ ♣♣♣♣♣≈≈
♣.....§♣.§.♣♣§§§@§♣.≈≈..♣♣♣...♣§≈
♣♣♣♣♣♣♣§≈....≈§§§÷[≈≈≈≈≈.≈≈≈.≈...
♣(§.≈≈≈≈§§§§÷≈..≈≈≈≈.≈≈.≈≈§ {
♣♣)..≈≈≈..§≈♣♣.≈≈≈≈≈..≈≈≈≈≈
♣♣♣♣.§..§≈§≈.≈≈≈≈≈.≈.≈≈≈≈≈ {
♣♣♣♣♣......≈.♣♣♣♣.§≈≈≈≈ {
♣♣♣♣..♣♣♣♣ ♣.♣≈.≈≈ { { ♣≈.♣
♣.♣♣♣.≈ ♣♣≈♣ ♣♣♣ ♣♣≈


You could see a swamp dragon.

Vanquished Creatures
  A Hell Sentinel (Abyss:3)
  3 tentacled starspawn (Abyss:3)
  Frances (Swamp:2)
  Kirke (Lair:5)
  4 thorn hunters
  Louise (Swamp:3)
  Nessos (D:14)
  Snorg (Lair:4)
  Josephine (Lair:5)
  A vault guard (D:13)
  5 centaur warriors
  28 hydras
  Harold (D:10)
  A ghost crab (Swamp:3)
  3 catoblepae
  Fannar (Lair:2)
  2 death knights
  2 ogre magi (Orc:2)
  2 two-headed ogres
  5 death yaks
  The ghost of Emmsii the Blocker, a novice MiFi of Trog (Lair:1)
  10 alligators
  A tengu warrior (D:14)
  A titan zombie (D:15)
  4 thrashing horrors (Abyss:3)
  An orc high priest (Orc:2)
  A wretched star (Abyss:3)
  10 skeletal warriors
  Sonja (Lair:2)
  An unseen horror (D:13)
  3 spriggan druids
  5 swamp dragons
  4 shambling mangroves (Swamp:3)
  A lindwurm (Lair:6)
  A necromancer (D:15)
  A deep elf mage (D:14)
  2 phantasmal warriors
  A mana viper (Abyss:3)
  A wizard (D:15)
  3 orc knights
  A wolf spider zombie (D:15)
  9 orc sorcerers
  An oklob plant (Lair:1)
  A cyclops (D:15)
  16 ugly things
  5 slime creatures
  4 manticores
  A black mamba (Lair:5)
  A fire giant skeleton (D:15)
  A smoke demon (Abyss:3)
  A torpor snail (Lair:6)
  9 elephants
  11 rime drakes
  A gargoyle (D:11)
  11 spiny frogs
  7 komodo dragons
  A yaktaur zombie (D:15)
  4 kobold demonologists
  A guardian mummy (D:15)
  3 freezing wraiths (D:14)
  A queen bee (Lair:1)
  14 hornets
  11 polar bears
  8 trolls
  18 hippogriffs
  A wind drake (shapeshifter) (D:15)
  27 blink frogs
  11 tyrant leeches
  7 bog bodies
  A hippogriff (shapeshifter) (D:14)
  An ettin zombie (D:15)
  8 dream sheep
  2 large abominations (Abyss:3)
  16 spriggans
  A vampire (D:9)
  6 wraiths
  A spriggan (shapeshifter) (D:15)
  4 shadows
  A water elemental (D:14)
  10 wyverns
  A fire elemental (Abyss:3)
  30 yaks
  11 basilisks
  5 hogs (Lair:5)
  2 hungry ghosts
  Grum (Lair:1)
  Menkaure (D:6)
  24 vampire mosquitoes
  3 wargs
  13 insubstantial wisps
  21 swamp worms
  2 soldier ants
  A hell hound (Lair:6)
  2 acid dragons (D:14)
  5 porcupines
  16 water moccasins
  21 orc warriors
  4 sky beasts
  3 black bears
  2 phantoms
  3 ice beasts
  9 swamp drakes
  A necrophage (D:6)
  3 eyes of draining
  13 ogres
  27 wolves
  4 boggarts (Lair:6)
  19 centaurs
  15 crocodiles
  A big kobold (shapeshifter) (D:15)
  4 big kobolds
  11 bullfrogs
  A wyvern skeleton (D:10)
  2 scorpions
  A swamp dragon simulacrum (Abyss:3)
  24 killer bees
  17 wights
  4 howler monkeys
  18 jellies
  An electric eel (D:13)
  A crimson imp (D:12)
  4 hounds
  4 small abominations
  3 centaur zombies
  13 orc priests
  A quasit (Abyss:3)
  5 bullfrog skeletons
  4 centaur skeletons
  3 iguanas
  36 orc wizards
  11 worker ants
  A killer bee zombie (D:7)
  A hound zombie (D:5)
  A hound skeleton (D:5)
  A worker ant zombie (D:5)
  11 adders
  4 gnolls (Orc:2)
  A howler monkey skeleton (D:8)
  6 shadow imps
  17 oozes
  An adder skeleton (D:6)
  3 worms
  A dart slug (D:1)
  5 leopard geckos
  74 orcs
  A ball python (D:5)
  7 giant cockroaches
  8 goblins
  7 hobgoblins
  17 jackals
  4 quokkas
  8 bats
  3 frilled lizards
  18 kobolds
  2 quokka skeletons
  A quokka zombie (D:7)
  6 rats
  2 bushes (D:7)
  2 fungi
  2 starspawn tentacles (Abyss:3)
1002 creatures vanquished.

Vanquished Creatures (collateral kills)
  Nikola (Swamp:3)
  Erolcha (Orc:2)
  A hydra (Lair:4)
  A hornet (Lair:6)
  A hippogriff (Lair:6)
  A boggart (Lair:6)
  2 wolves (Lair:6)
  2 orc wizards (Orc:2)
10 creatures vanquished.

Vanquished Creatures (others)
  A swamp dragon (Swamp:3)
  A wizard (D:7)
  A hornet (Swamp:3)
  A blink frog (Swamp:4)
  A kobold (D:15)
  2 briar patches (Swamp:3)
  2 bushes
  37 fungi
  19 plants
  9 starspawn tentacles (Abyss:3)
74 creatures vanquished.

Grand Total: 1086 creatures vanquished

Notes
Turn   | Place    | Note
-------+----------+-------------------------------------------
     0 | D:1      | grindst0ne the Formicid Arcane Marksman began the quest for the Orb.
     0 | D:1      | Reached XP level 1. HP: 15/15 MP: 2/2
    62 | D:1      | Reached skill level 2 in Fighting
    89 | D:1      | Reached XP level 2. HP: 14/22 MP: 3/3
   821 | D:2      | Reached skill level 3 in Fighting
   821 | D:2      | Reached XP level 3. HP: 29/29 MP: 4/4
  1161 | D:2      | Found a white marble altar of Elyvilon.
  1228 | D:2      | Found a glowing golden altar of the Shining One.
  1332 | D:2      | Became a worshipper of the Shining One
  1584 | D:3      | Reached XP level 4. HP: 31/37 MP: 5/5
  1750 | D:3      | Reached skill level 4 in Fighting
  1750 | D:3      | Reached skill level 1 in Axes
  1760 | D:3      | Found a sacrificial altar of Ru.
  2177 | D:3      | Reached XP level 5. HP: 6/43 MP: 6/6
  2598 | D:4      | Noticed an ice beast
  2608 | D:4      | Killed an ice beast
  2608 | D:4      | Reached skill level 5 in Fighting
  2608 | D:4      | Reached XP level 6. HP: 25/51 MP: 7/7
  2661 | D:4      | Noticed a phantom
  2757 | D:4      | Killed a phantom
  2757 | D:4      | Reached XP level 7. HP: 15/57 MP: 8/8
  3057 | D:4      | Reached skill level 6 in Fighting
  3155 | D:4      | Found a stormy altar of Qazlal.
  3579 | D:5      | Entered Level 5 of the Dungeon
  3757 | D:5      | Reached * piety under the Shining One
  3780 | D:5      | Found a basalt altar of Yredelemnul.
  3987 | D:5      | Found a shimmering altar of Xom.
  3993 | D:5      | Reached skill level 5 in Axes
  3993 | D:5      | Reached XP level 8. HP: 54/65 MP: 9/9
  3996 | D:5      | Found a deep blue altar of Sif Muna.
  4003 | D:5      | Reached skill level 7 in Fighting
  5025 | D:6      | Reached skill level 8 in Fighting
  5519 | D:6      | Reached XP level 9. HP: 74/74 MP: 10/10
  5617 | D:6      | Reached skill level 9 in Fighting
  5743 | D:6      | Found a staircase to the Ecumenical Temple.
  5759 | D:6      | Noticed Menkaure
  5770 | D:6      | Killed Menkaure
  6319 | D:7      | Reached ** piety under the Shining One
  6638 | D:7      | Found a bloodstained altar of Trog.
  6639 | D:7      | Noticed a wizard
  6702 | D:7      | Found an opulent altar of Gozag.
  6702 | D:7      | Noticed a hippogriff
  6724 | D:7      | Killed a hippogriff
  6724 | D:7      | Reached skill level 10 in Fighting
  7030 | D:7      | Found a hide-covered altar of Uskayaw.
  7278 | D:7      | You fall through a shaft for 3 floors!
  7278 | D:10     | Entered Level 10 of the Dungeon
  7290 | D:10     | Found a staircase to the Lair.
  7444 | D:8      | Reached XP level 10. HP: 60/85 MP: 11/11
  7632 | D:7      | Found a hazy altar of Hepliaklqana.
  7665 | D:7      | Found a blossoming altar of Fedhas.
  8006 | D:7      | Killed a wizard
  8147 | D:8      | Reached skill level 11 in Fighting
  8190 | D:8      | Found Tesiehir's Distillery.
  8193 | D:8      | Bought a potion of heal wounds for 60 gold pieces
  8193 | D:8      | Bought a potion of curing for 36 gold pieces
  8193 | D:8      | Bought a potion of curing for 36 gold pieces
  8193 | D:8      | Bought a potion of heal wounds for 60 gold pieces
  8193 | D:8      | Bought a potion of curing for 36 gold pieces
  8193 | D:8      | Bought a potion of mutation for 96 gold pieces
  8193 | D:8      | Bought a potion of curing for 36 gold pieces
  8349 | D:8      | Reached *** piety under the Shining One
  8475 | D:9      | Got a coiled glass ring
  8727 | D:9      | Found a snail-covered altar of Cheibriados.
  8733 | D:9      | Identified the ring "Riykh" {+Blink MR- Str+2 Dex+2} (You found it on level 9 of the Dungeon)
  9032 | D:9      | Reached skill level 1 in Invocations
  9032 | D:9      | Reached skill level 1 in Evocations
  9106 | D:9      | Reached skill level 1 in Armour
  9674 | D:10     | Noticed Harold
  9678 | D:10     | Killed Harold
  9678 | D:10     | Reached skill level 10 in Axes
 10065 | D:10     | Reached XP level 11. HP: 76/93 MP: 13/13
 10132 | D:10     | Got a smoking hunting sling
 10153 | D:10     | Identified the cursed +1 hunting sling of the Pharaoh's Fist {freeze, rC+} (You found it on level 10 of the Dungeon)
 10286 | D:10     | Noticed a red ugly thing
 10296 | D:10     | Killed a red ugly thing
 10462 | D:11     | Noticed a two-headed ogre
 10468 | D:11     | Killed a two-headed ogre
 10481 | D:11     | Reached skill level 5 in Dodging
 11270 | D:11     | Reached skill level 5 in Invocations
 11928 | D:11     | Noticed a brown ugly thing
 11949 | D:11     | Killed a brown ugly thing
 11950 | D:11     | Noticed a soul eater
 11958 | D:11     | Reached **** piety under the Shining One
 11958 | D:11     | Reached skill level 5 in Armour
 11958 | D:11     | Reached skill level 5 in Evocations
 12399 | Lair:1   | Entered Level 1 of the Lair of Beasts
 12430 | Lair:1   | Noticed Grum
 12450 | Lair:1   | Killed Grum
 12844 | Lair:1   | Identified a scroll of acquirement
 12891 | Lair:1   | Noticed Emmsii's ghost (novice MiFi)
 13144 | Lair:1   | Killed Emmsii's ghost
 13144 | Lair:1   | Reached XP level 12. HP: 61/100 MP: 16/16
 16754 | Lair:2   | Noticed Fannar
 16777 | Lair:2   | Killed Fannar
 16778 | Lair:2   | Noticed a four-headed hydra
 16784 | Lair:2   | Killed a four-headed hydra
 16793 | Lair:2   | Noticed Sonja
 17131 | Lair:2   | Killed Sonja
 17137 | Lair:2   | Noticed a six-headed hydra
 17146 | Lair:2   | Killed a six-headed hydra
 18609 | Lair:3   | Noticed a five-headed hydra
 18624 | Lair:3   | Killed a six-headed hydra
 18947 | Lair:3   | Reached XP level 13. HP: 93/106 MP: 19/19
 18963 | Lair:3   | Noticed an eight-headed hydra
 18971 | Lair:3   | Killed an eight-headed hydra
 19549 | Lair:4   | Found a staircase to the Snake Pit.
 19698 | Lair:4   | Reached skill level 10 in Dodging
 19802 | Lair:4   | Noticed a seven-headed hydra
 20464 | Lair:4   | Got a pair of steaming boots
 20475 | Lair:4   | Identified the +0 pair of boots of Analysis {rF+ rC+} (You acquired it on level 4 of the Lair of Beasts)
 20486 | Lair:4   | Found the +0 pair of fencer's gloves {+Riposte Dex+3}
 20510 | Lair:4   | Noticed Snorg
 20530 | Lair:4   | Killed Snorg
 20998 | Lair:4   | Found a staircase to the Swamp.
 21176 | Lair:4   | Killed an 11-headed hydra
 21611 | Lair:4   | Reached skill level 10 in Invocations
 21670 | Lair:5   | Noticed Kirke
 21722 | Lair:5   | Killed Kirke
 21722 | Lair:5   | Reached XP level 14. HP: 50/113 MP: 19/21
 22003 | Lair:5   | Noticed Josephine
 22014 | Lair:5   | Killed Josephine
 22316 | Lair:5   | Reached ***** piety under the Shining One
 22580 | Lair:4   | Got a bloodstained flail
 22581 | Lair:4   | Identified the +8 flail of Desertification {crush, +Fly} (You found it on level 4 of the Lair of Beasts)
 22669 | Lair:5   | Reached skill level 10 in Armour
 23579 | Lair:6   | Entered Level 6 of the Lair of Beasts
 25721 | Lair:6   | HP: 3/113 [catoblepas (25)]
 25746 | Lair:6   | HP: 4/113 [hippogriff (3)]
 26115 | Lair:6   | Reached XP level 15. HP: 81/119 MP: 23/23
 28270 | Lair:6   | Found a staircase to the Slime Pits.
 29362 | D:12     | Reached skill level 1 in Shields
 29421 | D:12     | Found a glowing golden altar of the Shining One.
 29451 | D:12     | Found a shadowy altar of Dithmenos.
 29477 | D:12     | Got a pair of slimy gloves
 29489 | D:12     | Identified the +1 pair of gloves of the Four of Wands {Stlth+} (You acquired it on level 12 of the Dungeon)
 30088 | D:12     | Found a staircase to the Orcish Mines.
 31013 | D:13     | Reached skill level 5 in Shields
 31028 | D:13     | Found a gate to the Vaults.
 31039 | D:13     | Reached skill level 12 in Fighting
 31292 | D:14     | Reached XP level 16. HP: 118/127 MP: 25/25
 31844 | D:14     | HP: 3/128 [skeletal warrior/glaive (17)]
 32546 | D:14     | Noticed Nessos
 32557 | D:14     | Killed Nessos
 33272 | D:15     | Entered Level 15 of the Dungeon
 33639 | D:15     | Found a staircase to the Depths.
 33669 | D:15     | Reached ****** piety under the Shining One
 34305 | D:15     | Reached skill level 10 in Shields
 34389 | D:15     | Reached skill level 13 in Fighting
 34547 | D:15     | Found a hazy altar of Hepliaklqana.
 36092 | D:15     | Found Izyq's Food Shop.
 36326 | Orc:1    | Entered Level 1 of the Orcish Mines
 36702 | Orc:1    | Reached XP level 17. HP: 118/137 MP: 26/26
 37034 | Orc:2    | Entered Level 2 of the Orcish Mines
 37859 | Orc:2    | Found a staircase to the Elven Halls.
 38048 | Orc:2    | Found Ygelieq's Distillery.
 38108 | Orc:2    | Found an ancient bone altar of Kikubaaqudgha.
 38123 | Orc:2    | Found Bekhlemig's Book Shop.
 38149 | Orc:2    | Noticed Erolcha
 38162 | Orc:2    | Killed Erolcha
 38330 | Orc:2    | Found a radiant altar of Vehumet.
 38427 | Orc:2    | Found a roughly hewn altar of Beogh.
 38427 | Orc:2    | Found Tunluod's Book Boutique.
 38428 | Orc:2    | Found Yhaim's Antique Armour Shop.
 38442 | Orc:2    | Bought an embroidered cloak for 150 gold pieces
 38442 | Orc:2    | Bought an ichor-stained plate armour for 560 gold pieces
 38453 | Orc:2    | Identified the cursed +1 plate armour "Ostrifui" {*Contam rN+ Int+3 Dex+4} (You bought it in a shop on level 2 of the Orcish Mines)
 38471 | Orc:2    | Got a crude large shield
 38482 | Orc:2    | Identified the +0 large shield of the Guild-Master {rCorr Dex+4 Slay+2 Stlth+} (You acquired it on level 2 of the Orcish Mines)
 38497 | Orc:2    | Bought a book of Battle for 480 gold pieces
 38500 | Orc:2    | Learned a level 2 spell: Song of Slaying
 38851 | Swamp:1  | Entered Level 1 of the Swamp
 38984 | Swamp:1  | Reached skill level 14 in Fighting
 39067 | Swamp:1  | Noticed a thorn hunter
 39075 | Swamp:1  | Killed a thorn hunter
 40361 | Swamp:2  | Noticed Frances
 40377 | Swamp:2  | Killed Frances
 40889 | Swamp:3  | Reached skill level 15 in Shields
 40891 | Swamp:3  | Noticed a thorn hunter
 40909 | Swamp:3  | Killed a thorn hunter
 40911 | Swamp:3  | Reached skill level 15 in Fighting
 41238 | Swamp:3  | Noticed Nikola
 41259 | Swamp:3  | Killed Nikola
 41576 | Swamp:3  | Reached XP level 18. HP: 149/149 MP: 27/27
 41654 | Swamp:3  | Noticed Louise
 41660 | Swamp:3  | Cast into level 3 of the Abyss (Louise)
 41810 | Abyss:3  | Noticed a Hell Sentinel
 41828 | Abyss:3  | Killed a Hell Sentinel
 41844 | Swamp:3  | Escaped the Abyss
 41860 | Swamp:3  | Killed Louise
 42173 | Swamp:4  | Entered Level 4 of the Swamp
 42690 | Swamp:3  | Reached skill level 16 in Fighting
 42856 | Swamp:4  | Reached skill level 15 in Invocations
 43004 | Swamp:4  | HP: 4/151 [swamp dragon] (13)]
 43004 | Swamp:4  | Succumbed to a swamp dragon's poison gas

Skill      XL: |  1  2  3  4  5  6  7  8  9 10 11 12 13 14 15 16 17 18 |
---------------+-------------------------------------------------------+-----
Fighting       | 2 3 4 5 6 8 10 11 12 13 15 16 | 16.2
Axes           | 1 2 3 5 6 8 10 11 12 13 14 | 14.1
Dodging        | 3 6 9 11 13 | 13.3
Invocations    | 3 6 8 10 11 13 15 | 15.3
Evocations     | 2 5 6 |  6.0
Armour         | 2 5 7 9 11 12 | 12.0
Shields        | 5 11 15 | 15.0
Slings         | |  2.1
Spellcasting   | |  1.1
Hexes          | |  3.6

Action                   |  1- 3 |  4- 6 |  7- 9 | 10-12 | 13-15 | 16-18 || total
-------------------------+-------+-------+-------+-------+-------+-------++-------
Melee: Club              |    57 |       |       |       |       |       ||    57
       Hand axe          |    60 |   119 |   310 |   133 |       |       ||   622
       Battleaxe         |       |       |       |   539 |   947 |   899 ||  2385
       War axe           |       |       |       |    28 |       |       ||    28
       Flail             |       |       |       |       |    41 |       ||    41
       Broad axe         |       |       |       |       |   112 |   270 ||   382
 Fire: Hunting sling     |    19 |       |       |       |       |       ||    19
Throw: Throwing net      |       |       |       |     1 |       |       ||     1
Invok: Divine Shield     |       |       |       |     1 |     3 |     3 ||     7
       Cleansing Flame   |       |       |       |       |     9 |     5 ||    14
       Summon Divine War |       |       |       |       |     2 |     2 ||     4
 Abil: Dig               |       |       |     1 |    22 |    32 |    28 ||    83
Evoke: Wand              |       |       |     5 |    76 |    26 |     9 ||   116
       Lightning rod     |       |       |       |     8 |    15 |    13 ||    36
       Box of beasts     |       |       |       |       |     1 |       ||     1
  Use: Scroll            |     7 |     1 |     8 |     7 |    12 |    10 ||    45
       Potion            |       |     2 |     4 |    12 |     6 |    12 ||    36
  Eat: Chunk             |     1 |     4 |    13 |    21 |    24 |    22 ||    85
       Ration            |       |       |     1 |     8 |     7 |     7 ||    23
Armor: Leather armour    |    42 |       |       |       |       |       ||    42
       Chain mail        |    33 |    57 |   124 |    54 |       |       ||   268
       Skin              |       |       |     3 |       |       |       ||     3
       Plate armour      |       |       |       |   528 |   780 |   418 ||  1726
Dodge: Dodged            |    81 |    27 |    87 |   295 |   801 |   571 ||  1862
Block: Other             |       |       |       |     4 |    10 |       ||    14
       Buckler           |       |       |       |       |    33 |   173 ||   206
       Large shield      |       |       |       |       |       |   575 ||   575
       Rpst.: Battleaxe  |       |       |       |       |   124 |   100 ||   224
       Flail             |       |       |       |       |     7 |       ||     7
       Broad axe         |       |       |       |       |    25 |    21 ||    46
